 Dungeon Crawl Stone Soup version 0.28.0-43-g3370ac3207 (webtiles) character file.

Game seed: 11467569407007817635

37 cbfl8 the Sneak (level 3, 0/33 HPs)
             Began as a Minotaur Delver on Mar 24, 2022.
             Slain by an iguana (5 damage)
             ... on level 5 of the Dungeon.
             The game lasted 00:00:37 (194 turns).

cbfl8 the Sneak (Minotaur Delver)                    Turns: 194, Time: 00:00:38

Health: 0/33       AC:  3    Str: 18    XL:     3   Next: 21%
Magic:  2/2        EV: 12    Int:  7    God:
Gold:   32         SH:  0    Dex: 11    Spells: 2/2 levels left

rFire   . . .      SeeInvis .   a - +0 hand axe
rCold   . . .      Faith    .   (no shield)
rNeg    . . .      Spirit   .   b - +0 leather armour
rPois   .          Reflect  .   (helmet restricted)
rElec   .          Harm     .   (no cloak)
rCorr   .          Rampage  .   (no gloves)
Will    .....                   (no boots)
Stlth   ++........              (no amulet)
HPRegen 0.11/turn               (no ring)
MPRegen 0.08/turn               (no ring)

@: no status effects
A: horns 2, retaliatory headbutt
a: no special abilities


You were on level 5 of the Dungeon.
You visited 1 branch of the dungeon, and saw 1 of its levels.

You collected 32 gold pieces.

Inventory:

Hand Weapons
 a - a +0 hand axe (weapon)
Armour
 b - a +0 leather armour (worn)
Wands
 g - a wand of digging (3)
Scrolls
 c - a scroll of fog
 e - a scroll of fear
 h - a scroll of silence {unknown}
 i - a scroll of enchant armour {unknown}
Potions
 d - 2 potions of might {unknown}
 f - a potion of haste


   Skills:
 + Level 3.9 Fighting
 + Level 2.5 Axes
 + Level 0.2 Armour
 + Level 2.3 Dodging
 + Level 4.8 Stealth


You had 2 spell levels left.
You didn't know any spells.
Your spell library was empty.

Dungeon Overview and Level Annotations

Branches:
Dungeon (5/15)
 Temple: D:4-7

Altars:
Vehumet

Shops:
D:5 !


Innate Abilities, Weirdness & Mutations

You have a pair of horns on your head.
You reflexively headbutt those who attack you in melee.


Message History

An iguana comes into view.
You feel sick.
Found a gnarled smoking staff and 15 gold pieces.
You feel sick.
Found a ring mail and a runed silver ring.
You feel sick. The adder bites you but does no damage.
You feel sick.
A goblin comes into view. It is carrying a wand of flame (16).
Found a radiant altar of Vehumet.
You feel sick. The adder bites you but does no damage.
You feel sick.
You are no longer poisoned.
The goblin shouts!
The goblin zaps a wand.
The puff of flame misses you. The adder misses you. You furiously retaliate!
You headbutt the adder! The goblin barely misses you.
The goblin barely misses you.
The iguana hisses angrily.
The iguana closely misses you. The goblin closely misses you.
You hit the iguana but do no damage. You punch the iguana.
The iguana is lightly wounded.
You hit the goblin. You hit the adder.
You kill the adder!
The iguana bites you!
* * * LOW HITPOINT WARNING * * *
The goblin closely misses you.
You have reached level 3!
Your experience leads to an increase in your attributes!
Increase (S)trength, (I)ntelligence, or (D)exterity?
You feel stronger. x2
You barely miss the iguana. You barely miss the goblin. You hit the phantom.
The phantom completely misses you. The iguana closely misses you.
The goblin hits you but does no damage.
You hit the iguana.
The iguana is lightly wounded.
You hit the ogre but do no damage. You barely miss the phantom.
You hit the goblin.
You kill the goblin!
The phantom misses you. The iguana bites you.
You die...

**,,,,,,,,***
#.#**...#***,*
,*,**,,,,,.,* #.# **###
*,* ,,,*******#.* #.#
*,.* *,* ,,,*
#.#####.####..#***,*
,,,*
#...[...[......,,,,**
****
###.=..........,,,,,***
#...Z#....###****,,,,
#.|OW/....# *****
#..#@l.#..# #......$..#
##...#....# #........#
######...# *####


You could see a phantom, an ogre, an iguana and a scorpion zombie.

Vanquished Creatures
  A hound (D:5)
  An adder (D:5)
  A goblin (D:5)
3 creatures vanquished.

Notes
Turn   | Place    | Note
-------+----------+-------------------------------------------
     0 | D:5      | cbfl8 the Minotaur Delver began the quest for the Orb.
     0 | D:5      | Reached XP level 1. HP: 19/19 MP: 0/0
    18 | D:5      | Noticed a hound
    25 | D:5      | Killed a hound
    26 | D:5      | Reached XP level 2. HP: 16/27 MP: 1/1
   179 | D:5      | Found Viah's Distillery.
   179 | D:5      | Noticed a phantom
   179 | D:5      | Noticed an ogre
   187 | D:5      | Found a radiant altar of Vehumet.
   193 | D:5      | Reached XP level 3. HP: 5/33 MP: 2/2
   194 | D:5      | Slain by an iguana

Illustrated notes

Levels and vault maps discovered:
D:5:      layout_loops_ring, vehumet_altar_wand_db, ebering_ghost_sewer_f,
          kennysheep_windowed_goal, uniq_ijyb

Action                   || total
-------------------------++-------
Melee: Hand axe          ||     8
       Punch             ||     1
  Use: Scroll            ||     1
Armor: Leather armour    ||     4
Dodge: Dodged            ||    16
